AoeStats
← 76896859

Arabia

503655210Analyzed
1v1 RM · 1mo ago on Sep 1, 2026· 40m 37s· 2 players
Game mode
Random Map
Map size
Tiny (2 player)
Population
200
Speed
Normal
Resources
Standard
Victory
Conquest
Starting age
Dark Age
Ending age
Imperial Age
RankedLock teamsTeams togetherTeam positionsShared explorationLock speedFull tech treeHidden civsTurbo modeCheats
Victory
Defeat
🇨🇳 Huns · China
1078
+15
🇫🇷 Ethiopians · France
1055
-15
Leron
10:25 Feudal Age
10:29 Man-at-Arms
10:58 Arson
14:12 Wheelbarrow
16:27 Loom
26:13 Castle Age
24:15 Double-Bit Axe
25:38 Horse Collar
27:20 Bow Saw
29:44 Forging
29:51 Scale Mail Armor
29:56 Scale Barding Armor
31:53 Heavy Plow
35:28 Town Watch
36:05 Fletching
76896859
3:22 Loom
9:33 Feudal Age
12:53 Horse Collar
13:10 Double-Bit Axe
26:50 Castle Age
25:23 Gold Mining
26:01 Gold Mining
26:31 Bloodlines
26:30 Scale Barding Armor
26:54 Forging
27:52 Wheelbarrow
28:13 Heavy Plow
28:48 Bow Saw
29:58 Hand Cart
31:13 Husbandry
33:12 Chain Barding Armor
36:57 Iron Casting
37:39 Gold Shaft Mining
37:13 Town Watch
Connection lost

Rejoining the realm…

Still unreachable

The connection could not be restored.

Session expired

The server has moved on; the page needs a fresh start.